 Dungeon Crawl Stone Soup version 0.29-a0-885-gb26ba3297d (webtiles) character file.

Game seed: 16578126199469357119

4 trckry the Sneak (level 1, -4/10 HPs)
             Began as a Felid Delver on July 21, 2022.
             Slain by a worm (12 damage)
             ... on level 4 of the Dungeon.
             The game lasted 00:00:55 (109 turns).

trckry the Sneak (Felid Delver)                      Turns: 109, Time: 00:00:56

Health: -4/10      AC:  1    Str:  8    XL:     1   Next: 58%
Magic:  2/2        EV: 17    Int: 11    God:
Gold:   0          SH:  0    Dex: 17    Spells: 0/0 levels left
                                        Lives:  0   Deaths: 0

rFire   . . .      SeeInvis +     - Unarmed
rCold   . . .      Faith    .   (shield unavailable)
rNeg    . . .      Spirit   .   (body armour unavailable)
rPois   .          Reflect  .   (helmet unavailable)
rElec   .          Harm     .   (cloak unavailable)
rCorr   .          Rampage  .   (gloves unavailable)
Will    .....                   (boots unavailable)
Stlth   ++++......              (no amulet)
HPRegen 0.03/turn               (no ring)
MPRegen 0.08/turn               (no ring)

@: quick
A: very small, claws 1, fangs 3, see invisible, speed 1, shaggy fur 1, stealthy
paws, no weapons or thrown items, no armour, multi-lived
a: no special abilities


You were on level 4 of the Dungeon.
You visited 1 branch of the dungeon, and saw 2 of its levels.

Inventory:

Wands
 e - a wand of digging (3)
Scrolls
 a - a scroll of fog
 b - a scroll of magic mapping
Potions
 c - a potion of might {unknown}
 d - a potion of haste


   Skills:
 + Level 3.0 Fighting
 + Level 2.9 Dodging
 + Level 6.7 Stealth
 * Level 2.1 Unarmed Combat


You couldn't memorise any spells.
You didn't know any spells.
Your spell library was empty.

Dungeon Overview and Level Annotations

Branches:
Dungeon (5/15) Zot: 11909
 Temple: D:4-7

Altars:


Innate Abilities, Weirdness & Mutations

You have sharp claws.
You have razor-sharp teeth.
You have supernaturally acute eyesight. (SInv)
You cover ground quickly. (Speed+)
You are covered in fur. (AC +1)
Your paws help you pounce on unaware monsters.
You are incapable of wielding weapons or throwing items.
You cannot wear armour.
You gain extra lives every three experience levels.


Message History

The dart slug is heavily wounded.
The dart slug closely misses you.
You scratch the dart slug.
The dart slug is severely wounded.
The dart slug completely misses you.
You scratch the dart slug.
The dart slug is almost dead.
You scratch the dart slug.
You kill the dart slug!
Things that are here:
a +0 hand axe; a dart slug corpse; an orc corpse
Found a scroll labelled FUILAAR JAWUH.
An iguana comes into view.
An orc and an orc priest come into view.
An orc and an orc priest come into view.
Found 7 gold pieces.
A jelly comes into view.
Found 24 gold pieces.
A hound comes into view. 3 gnolls come into view.
The jelly quivers.
You see here 7 gold pieces.
Found a stone staircase leading up.
An adder comes into view.
There is a stone staircase leading up here.
You climb upwards.
There is a stone staircase leading down here.
An adder comes into view.
Found a fuming clear potion.
Found a yellow potion and 11 gold pieces.
c - a fuming clear potion A worm comes into view.
You catch the helpless worm completely off-guard!
You claw the worm!
The worm is severely wounded.
You scratch the worm but do no damage.
The worm is severely wounded.
The worm bites you!
Ouch! That really hurt!
You die...

..# ###..... ..#
#....... ..# #.....#
#.# #..... #.# #...#
#.# #...#
#.###########...#
..##>##.........@.!#
..........######w.$#
..##......# ........
. #......#
.###...... ........#
#. ......
........... . ......
..S.....###### .....
.......## .....
##...#.#


You could see a worm.

Vanquished Creatures
  A dart slug (D:5)
  An orc (D:5)
2 creatures vanquished.

Notes
Turn   | Place    | Note
-------+----------+-------------------------------------------
     0 | D:5      | trckry the Felid Delver began the quest for the Orb.
     0 | D:5      | Reached XP level 1. HP: 10/10 MP: 2/2
    10 | D:5      | Noticed a black bear
    48 | D:5      | Noticed an iguana
    55 | D:5      | Noticed an orc priest
    56 | D:5      | Noticed an orc priest
    72 | D:5      | Noticed a jelly
    73 | D:5      | Noticed a hound
   109 | D:4      | Slain by a worm

Illustrated notes

Levels and vault maps discovered:
D:4:      layout_rooms, zin_scriptorium, lightli_temple_of_fire,
          minmay_temple_entry_ruins, hangedman_decor_lopped, st_stairs_11,
          chequers_decorated_corner
D:5:      layout_rooms, old_standard_altar

Action                   || total
-------------------------++-------
Melee: Unarmed           ||    12
       Bite              ||     1
  Use: Scroll            ||     1
 Stab: Distracted        ||     1
Dodge: Dodged            ||     4

Table legend: (Time is in decaauts)
 A = Elapsed time spent in this place.
 B = Non-inter-level travel time spent in this place.
 C = Inter-level travel time spent in this place.
 D = Time resting spent in this place.
 E = Time spent auto-exploring this place.
 F = Levels seen in this place.
 G = Mean time per level.
                   A        B        C        D        E       F      G
               +--------+--------+--------+--------+--------+-----+--------+
         Total |     89 |     89 |      0 |      0 |      0 |   2 |   44.5 |
       Dungeon |     89 |     89 |      0 |      0 |      0 |   2 |   44.5 |
               +--------+--------+--------+--------+--------+-----+--------+

Top non-repeatable levels by time:
     D:5: 77 daAuts
     D:4: 12 daAuts
